3AA
YAKIMA HOPS @ WESTWOOD SIXSHOOTERS
07/09/2022
 
TOP OF THE 1ST
Yakima Hops batting - Pitching for Westwood Sixshooters : RHP Miguel Hernández
Pitching: RHP Miguel Hernández
Batting: RHB Abraham Jacobs 0-0: Foul Ball, location: 2F
0-1: Ball
1-1: Bunt for hit - play at first, batter OUT! 1-3
Batting: RHB Gabriel Juárez 0-0: Ball
1-0: Ball
2-0: SINGLE (Groundball, 6MD)
Batting: RHB Michael Hart 0-0: Called Strike
Gabriel Juárez steals 2nd base
0-1: Foul Ball, location: 2F
0-2: Strikes out swinging
Batting: SHB Carlos Sánchez 0-0: Ball
1-0: Ground out U3 (Groundball, 3)
Top of the 1st over - 0 run(s), 1 hit(s), 0 error(s), 1 left on base; Yakima 0 - Westwood 0
BOTTOM OF THE 1ST
Westwood Sixshooters batting - Pitching for Yakima Hops : RHP John Adams
Pitching: RHP John Adams
Batting: RHB Manuel Becerra 0-0: Called Strike
0-1: Ball
1-1: Ball
2-1: Ball
3-1: Fly out, F8 (Flyball, 8LM)
Batting: RHB Jorge Morales 0-0: Ball
1-0: Swinging Strike
1-1: Ball
2-1: Ball
3-1: Base on Balls
Batting: RHB Ronnie Cleveland 0-0: Foul Ball, location: 2F
0-1: Ball
1-1: 2-RUN HOME RUN (Flyball, 7D), Distance : 393 ft
Batting: RHB Iván Vega 0-0: Ball
1-0: Fly out, F8 (Flyball, 8RM)
Batting: LHB Javier Sánchez 0-0: SINGLE (Line Drive, 8RS)
Batting: RHB Wes Shannon 0-0: Ball
1-0: Foul Ball, location: 2F
1-1: Swinging Strike
1-2: Strikes out swinging
Bottom of the 1st over - 2 run(s), 2 hit(s), 0 error(s), 1 left on base; Yakima 0 - Westwood 2
TOP OF THE 2ND
Yakima Hops batting - Pitching for Westwood Sixshooters : RHP Miguel Hernández
Batting: RHB William Miles 0-0: Called Strike
0-1: Ball
1-1: DOUBLE (Flyball, 9D)
Batting: RHB Edgar García 0-0: Called Strike
0-1: SINGLE (Groundball, 6D)
William Miles to third
Runner from 3rd tries for Home, SAFE, no throw or cutoff
Batting: RHB Juan Márquez 0-0: Ball
1-0: Swinging Strike
1-1: Ball
2-1: Ground out 4-3 (Groundball, 13)
Edgar García to second
Batting: RHB Manuel Martínez 0-0: Called Strike
0-1: Called Strike
0-2: Ball
1-2: Ball
2-2: Ball
3-2: Foul Ball, location: 2F
3-2: Foul Ball, location: 2F
3-2: Base on Balls
Batting: RHB José Cervantes 0-0: Called Strike
0-1: Ball
1-1: SINGLE (Groundball, 56D)
Edgar García to third
Manuel Martínez to second
Runner from 3rd tries for Home, SAFE, no throw or cutoff
Batting: RHB Abraham Jacobs 0-0: Called Strike
0-1: Ball
1-1: Ball
2-1: Ball
3-1: Swinging Strike
3-2: Strikes out swinging
Batting: RHB Gabriel Juárez 0-0: Called Strike
0-1: Ball
1-1: SINGLE (Flyball, 89S)
Manuel Martínez to third
José Cervantes to second
Runner from 3rd tries for Home, SAFE, no throw or cutoff
Batting: RHB Michael Hart 0-0: Called Strike
0-1: Swinging Strike
0-2: Ball
1-2: Strikes out swinging
Top of the 2nd over - 3 run(s), 4 hit(s), 0 error(s), 2 left on base; Yakima 3 - Westwood 2
BOTTOM OF THE 2ND
Westwood Sixshooters batting - Pitching for Yakima Hops : RHP John Adams
Batting: LHB José Martínez 0-0: Ball
1-0: Ball
2-0: SINGLE (Line Drive, 6D)
Batting: RHB Richard Hicks 0-0: Fly out, F7 (Flyball, 7D)
Batting: RHB Sergio Martínez 0-0: Fly out, F3 (Popup, 3F)
Batting: RHB Manuel Becerra 0-0: Swinging Strike
0-1: Ball
1-1: Ball
2-1: Foul Ball, location: 2F
2-2: Ball
3-2: Strikes out swinging
Bottom of the 2nd over - 0 run(s), 1 hit(s), 0 error(s), 1 left on base; Yakima 3 - Westwood 2
TOP OF THE 3RD
Yakima Hops batting - Pitching for Westwood Sixshooters : RHP Miguel Hernández
Batting: SHB Carlos Sánchez 0-0: Ball
1-0: Foul Ball, location: 2F
1-1: Called Strike
1-2: Strikes out swinging
Batting: RHB William Miles 0-0: Ground out 5-3 (Groundball, 5L)
Batting: RHB Edgar García 0-0: SINGLE (Line Drive, 4)
Batting: RHB Juan Márquez 0-0: Called Strike
0-1: Ball
Wild Pitch!
Edgar García to second
1-1: Ground out 2-3 (Groundball, 2L)
Top of the 3rd over - 0 run(s), 1 hit(s), 0 error(s), 1 left on base; Yakima 3 - Westwood 2
BOTTOM OF THE 3RD
Westwood Sixshooters batting - Pitching for Yakima Hops : RHP John Adams
Batting: RHB Jorge Morales 0-0: Ball
1-0: Reached on error, E2 (Groundball, 2L)
Batting: RHB Ronnie Cleveland 0-0: Ball
1-0: Ball
2-0: DOUBLE (Line Drive, 6MD)
Jorge Morales scores
Batting: RHB Iván Vega 0-0: Ball
1-0: Ball
2-0: 2-RUN HOME RUN (Flyball, 7LD), Distance : 364 ft
Batting: LHB Javier Sánchez 0-0: Called Strike
0-1: Foul Ball, location: 2F
0-2: Ball
1-2: Fly out, F9 (Flyball, 9S)
Batting: RHB Wes Shannon 0-0: Ball
1-0: Called Strike
1-1: Ball
2-1: Foul Ball, location: 2F
2-2: Ball
3-2: Strikes out swinging
Batting: LHB José Martínez 0-0: Called Strike
0-1: Ball
1-1: Foul Ball, location: 2F
1-2: Ball
2-2: Foul Ball, location: 2F
2-2: Ball
3-2: Base on Balls
Batting: RHB Richard Hicks 0-0: Ball
1-0: Ball
2-0: Called Strike
2-1: Foul Ball, location: 2F
2-2: Strikes out swinging
Bottom of the 3rd over - 3 run(s), 2 hit(s), 1 error(s), 1 left on base; Yakima 3 - Westwood 5
TOP OF THE 4TH
Yakima Hops batting - Pitching for Westwood Sixshooters : RHP Miguel Hernández
Batting: RHB Manuel Martínez 0-0: Ball
1-0: Called Strike
1-1: Foul Ball, location: 2F
1-2: SINGLE (Line Drive, 3)
Batting: RHB José Cervantes 0-0: Ball
1-0: Called Strike
1-1: Ground out 5-3 (Groundball, 5S)
Manuel Martínez to second
Batting: RHB Abraham Jacobs 0-0: Ball
1-0: Ball
2-0: Called Strike
2-1: Swinging Strike
2-2: Ball
3-2: Base on Balls
Batting: RHB Gabriel Juárez 0-0: Ball
1-0: Fly out, F7 (Flyball, 78M)
Batting: RHB Michael Hart 0-0: Ball
1-0: Called Strike
1-1: Called Strike
1-2: Ball
Wild Pitch!
Manuel Martínez to third
Abraham Jacobs to second
2-2: Ball
3-2: Base on Balls
Batting: SHB Carlos Sánchez 0-0: Ball
1-0: Called Strike
1-1: Foul Ball, location: 2F
1-2: SINGLE (Groundball, 4)
Manuel Martínez scores
Abraham Jacobs to third
Michael Hart to second
Runner from 3rd tries for Home, SAFE, no throw or cutoff
Batting: RHB William Miles 0-0: Ball
Wild Pitch!
Michael Hart to third
Carlos Sánchez to second
1-0: Ball
2-0: Called Strike
2-1: Swinging Strike
2-2: Strikes out swinging
Top of the 4th over - 2 run(s), 2 hit(s), 0 error(s), 2 left on base; Yakima 5 - Westwood 5
BOTTOM OF THE 4TH
Westwood Sixshooters batting - Pitching for Yakima Hops : RHP John Adams
Batting: RHB Sergio Martínez 0-0: Fly out, F9 (Line Drive, 9S)
Batting: RHB Manuel Becerra 0-0: Ball
1-0: Ground out 5-3 (Groundball, 56)
Batting: RHB Jorge Morales 0-0: Ball
1-0: Ball
2-0: Ball
3-0: Base on Balls
Batting: RHB Ronnie Cleveland 0-0: Called Strike
0-1: Ball
1-1: SINGLE (Groundball, 56D)
Jorge Morales to second
Batting: RHB Iván Vega 0-0: Ball
1-0: Ground out 6-3 (Groundball, 6)
Bottom of the 4th over - 0 run(s), 1 hit(s), 0 error(s), 2 left on base; Yakima 5 - Westwood 5
TOP OF THE 5TH
Yakima Hops batting - Pitching for Westwood Sixshooters : RHP Miguel Hernández
Batting: RHB Edgar García 0-0: Called Strike
0-1: Swinging Strike
0-2: Ball
1-2: Foul Ball, location: 2F
1-2: Strikes out swinging
Batting: RHB Juan Márquez 0-0: SINGLE (Groundball, 56D)
Batting: RHB Manuel Martínez 0-0: Ball
1-0: Foul Ball, location: 2F
1-1: Swinging Strike
1-2: Ball
2-2: Strikes out swinging
Batting: RHB José Cervantes 0-0: Called Strike
0-1: Swinging Strike
0-2: Ball
1-2: Foul Ball, location: 2F
1-2: Foul Ball, location: 2F
1-2: Foul Ball, location: 2F
1-2: Ball
2-2: Strikes out swinging
Top of the 5th over - 0 run(s), 1 hit(s), 0 error(s), 1 left on base; Yakima 5 - Westwood 5
BOTTOM OF THE 5TH
Westwood Sixshooters batting - Pitching for Yakima Hops : RHP John Adams
Batting: LHB Javier Sánchez 0-0: Ball
1-0: Ball
2-0: Called Strike
2-1: Fly out, F8 (Flyball, 8RM)
Batting: RHB Wes Shannon 0-0: Ball
1-0: Swinging Strike
1-1: Foul Ball, location: 2F
1-2: SINGLE (Line Drive, 7S)
Batting: LHB José Martínez 0-0: Ball
1-0: Ball
Wes Shannon is caught stealing 2nd base
2-0: Swinging Strike
2-1: Fly out, F3 (Line Drive, 3L)
Bottom of the 5th over - 0 run(s), 1 hit(s), 0 error(s), 0 left on base; Yakima 5 - Westwood 5
TOP OF THE 6TH
Yakima Hops batting - Pitching for Westwood Sixshooters : RHP Miguel Hernández
Batting: RHB Abraham Jacobs 0-0: Ground out 5-3 (Groundball, 56S)
Batting: RHB Gabriel Juárez 0-0: Fly out, F7 (Flyball, 78M)
Batting: RHB Michael Hart 0-0: Ball
1-0: Swinging Strike
1-1: Foul Ball, location: 2F
1-2: Foul Ball, location: 2F
1-2: Strikes out swinging
Top of the 6th over - 0 run(s), 0 hit(s), 0 error(s), 0 left on base; Yakima 5 - Westwood 5
BOTTOM OF THE 6TH
Westwood Sixshooters batting - Pitching for Yakima Hops : RHP John Adams
Batting: RHB Richard Hicks 0-0: Ball
1-0: Fly out, F3 (Popup, 3F)
Batting: RHB Sergio Martínez 0-0: Ball
1-0: Swinging Strike
1-1: Called Strike
1-2: Strikes out looking
Batting: RHB Manuel Becerra 0-0: Ball
1-0: Called Strike
1-1: Called Strike
1-2: Ball
2-2: Fly out, F6 (Popup, 56D)
Bottom of the 6th over - 0 run(s), 0 hit(s), 0 error(s), 0 left on base; Yakima 5 - Westwood 5
TOP OF THE 7TH
Yakima Hops batting - Pitching for Westwood Sixshooters : RHP Miguel Hernández
Batting: SHB Carlos Sánchez 0-0: Ball
1-0: Ball
2-0: Ball
3-0: Base on Balls
Pitching: LHP Jeremy Vance
Batting: RHB William Miles 0-0: Called Strike
0-1: Foul Ball, location: 2F
0-2: Foul Ball, location: 2F
0-2: Ball
1-2: Foul Ball, location: 2F
1-2: Foul Ball, location: 2F
1-2: Strikes out looking
Batting: RHB Edgar García 0-0: Ball
1-0: Swinging Strike
1-1: Swinging Strike
1-2: Strikes out swinging
Carlos Sánchez steals 2nd base
Batter strikes out.
Batting: RHB Juan Márquez 0-0: Ball
1-0: Called Strike
1-1: Ball
2-1: Fly out, F9 (Flyball, 9M)
Top of the 7th over - 0 run(s), 0 hit(s), 0 error(s), 1 left on base; Yakima 5 - Westwood 5
BOTTOM OF THE 7TH
Westwood Sixshooters batting - Pitching for Yakima Hops : RHP John Adams
Pitching: LHP Cisco Flores
Batting: RHB Jorge Morales 0-0: Ball
1-0: Ball
2-0: Ball
3-0: Called Strike
3-1: Base on Balls
Batting: RHB Ronnie Cleveland 0-0: Ball
1-0: Fly out, F9 (Flyball, 9LM)
Batting: RHB Iván Vega 0-0: Ball
1-0: Ball
2-0: Ball
3-0: Called Strike
3-1: Foul Ball, location: 2F
3-2: Strikes out swinging
Jorge Morales is caught stealing 2nd base
Batter strikes out.
Bottom of the 7th over - 0 run(s), 0 hit(s), 0 error(s), 0 left on base; Yakima 5 - Westwood 5
TOP OF THE 8TH
Yakima Hops batting - Pitching for Westwood Sixshooters : LHP Jeremy Vance
Batting: RHB Manuel Martínez 0-0: Ball
1-0: Swinging Strike
1-1: Foul Ball, location: 2F
1-2: Ball
2-2: Strikes out looking
Batting: RHB José Cervantes 0-0: Foul Ball, location: 2F
0-1: Foul Ball, location: 2F
0-2: Fly out, F6 (Popup, 6S)
Batting: RHB Abraham Jacobs 0-0: Called Strike
0-1: Ball
1-1: Foul Ball, location: 2F
1-2: Ball
2-2: Fly out, F6 (Line Drive, 6)
Top of the 8th over - 0 run(s), 0 hit(s), 0 error(s), 0 left on base; Yakima 5 - Westwood 5
BOTTOM OF THE 8TH
Westwood Sixshooters batting - Pitching for Yakima Hops : LHP Cisco Flores
Pinch Hitting: RHB Jason Boyer 0-0: Called Strike
0-1: Ball
1-1: Foul Ball, location: 2F
1-2: Ball
2-2: Strikes out swinging
Batting: RHB Wes Shannon 0-0: SINGLE (Flyball, 9LS)
Batting: LHB José Martínez 0-0: Called Strike
0-1: Ball
1-1: Ball
2-1: Swinging Strike
2-2: Strikes out swinging
Batting: RHB Richard Hicks 0-0: Called Strike
0-1: Ball
1-1: Foul Ball, location: 2F
1-2: Foul Ball, location: 2F
1-2: Ball
2-2: Strikes out swinging
Bottom of the 8th over - 0 run(s), 1 hit(s), 0 error(s), 1 left on base; Yakima 5 - Westwood 5
TOP OF THE 9TH
Yakima Hops batting - Pitching for Westwood Sixshooters : LHP Jeremy Vance
Pitching: RHP Cisco Ortega
Now at 1B: Don Thomas
Pinch Hitting: LHB Jim Unknown 0-0: Fly out, F5 (Line Drive, 5F)
Batting: RHB Michael Hart 0-0: Ball
1-0: Foul Ball, location: 2F
1-1: Ball
2-1: Ball
3-1: Base on Balls
Batting: SHB Carlos Sánchez 0-0: Called Strike
0-1: Called Strike
0-2: Ball
1-2: Ball
2-2: Fly out, F7 (Flyball, 78S)
Batting: RHB William Miles 0-0: Ball
1-0: Swinging Strike
1-1: Swinging Strike
1-2: Foul Ball, location: 2F
1-2: Foul Ball, location: 2F
1-2: Strikes out swinging
Top of the 9th over - 0 run(s), 0 hit(s), 0 error(s), 1 left on base; Yakima 5 - Westwood 5
BOTTOM OF THE 9TH
Westwood Sixshooters batting - Pitching for Yakima Hops : LHP Cisco Flores
Pitching: RHP Júlio Maes
Now at 3B: Jim Unknown
Pinch Hitting: LHB Jim Unknown 0-0: Called Strike
0-1: Ball
1-1: Ball
2-1: Called Strike
2-2: Ball
3-2: Base on Balls
Pinch Runner at 1st Aurelio García:
Batting: RHB Manuel Becerra 0-0: Bunt missed!
0-1: Ball
1-1: Ball
2-1: Ball
3-1: Sac Bunt - play at first, batter OUT! 5-4
Aurelio García to second
Batting: RHB Jorge Morales 0-0: Ball
1-0: Ball
2-0: Ball
3-0: Called Strike
3-1: Called Strike
3-2: Base on Balls
Batting: RHB Ronnie Cleveland 0-0: Called Strike
0-1: SINGLE (Line Drive, 89S)
Aurelio García to third
Jorge Morales to second
Runner from 3rd tries for Home, SAFE, no throw or cutoff
This league is powered by Out of the Park Baseball, the baseball management simulation game for PC, Mac and Linux
Friday, April 15th, 2016 - OOTP Baseball 16.9 Build 39